 Dungeon Crawl Stone Soup version 0.27.1-2-g3b301248ec (webtiles) character file.

Game seed: 1971437816482542705

20556 demibob the Severer (level 12, -7/162 HPs)
             Began as a Hill Orc Fighter on Sept 27, 2021.
             Was a Priest of Beogh.
             Mangled by Donald (27 damage)
             ... on level 2 of the Orcish Mines on Sept 28, 2021.
             The game lasted 00:33:44 (17478 turns).

demibob the Severer (Hill Orc Fighter)             Turns: 17478, Time: 00:33:44

Health: -7/162     AC: 16    Str: 20    XL:     12   Next: 80%
Magic:  18/18      EV:  6    Int:  8    God:    Beogh [***...]
Gold:   183        SH:  0    Dex: 18    Spells: 11/11 levels left

rFire    . . .     SeeInvis .   a - +2 battleaxe (vorpal)
rCold    . . .     Faith    +   (shield currently unavailable)
rNeg     . . .     Spirit   .   G - +0 plate armour
rPois    +         Reflect  .   (no helmet)
rElec    .         Harm     .   x - scarf {shadows}
rCorr    .         Rampage  .   (no gloves)
Will     +....                  h - +0 pair of boots
Stlth    ..........             B - amulet "Fistreir" {Faith +Inv rPois Dex+4}
HPRegen  0.37/turn              P - ring of poison resistance
MPRegen  0.16/turn              W - ring of willpower

@: berserking, flying, studying 3 skills, very quick
A: no striking features
a: Renounce Religion, Evoke Invisibility, Smiting


You were on level 2 of the Orcish Mines.
You worshipped Beogh.
Beogh was most pleased with you.
You visited 3 branches of the dungeon, and saw 14 of its levels.
You also visited: Gauntlet.

You collected 1033 gold pieces.
You spent 850 gold pieces at shops.


   Skills:
 - Level 10.8 Fighting
 + Level 18.7 Axes
 + Level 10.2 Armour
 - Level 3.2 Shields
 - Level 8.8 Invocations


You had 11 spell levels left.
You didn't know any spells.
Your spell library contained the following spells:

 Spells                   Type           Power      Damage    Failure   Level
 Animate Skeleton         Necr           0%         N/A       100%        1
 Apportation              Tloc           0%         N/A       100%        1
 Corona                   Hex            0%         N/A       100%        1
 Shock                    Conj/Air       0%         1d3       100%        1
 Summon Small Mammal      Summ           0%         N/A       100%        1
 Slow                     Hex            0%         N/A       100%        2
 Call Canine Familiar     Summ           0%         N/A       100%        3
 Confusing Touch          Hex            0%         N/A       100%        3
 Gell's Gravitas          Tloc           0%         N/A       100%        3
 Ozocubu's Armour         Ice            0%         N/A       100%        3
 Portal Projectile        Hex/Tloc       0%         N/A       100%        3
 Swiftness                Air            0%         N/A       100%        3
 Teleport Other           Tloc           0%         N/A       100%        3
 Vampiric Draining        Necr           0%         2d6       100%        3
 Airstrike                Air            0%         N/A       100%        4
 Leda's Liquefaction      Hex/Erth       0%         N/A       100%        4
 Freezing Cloud           Conj/Ice/Air   0%         6-21      100%        5
 Metabolic Englaciation   Hex/Ice        0%         N/A       100%        5
 Dispersal                Tloc           0%         N/A       100%        6
 Simulacrum               Ice/Necr       0%         N/A       100%        6
 Ozocubu's Refrigeration  Ice            0%         4d5       100%        7
 Polar Vortex             Ice            0%         N/A       100%        9

Inventory:

Hand Weapons
 a - a +2 vorpal battleaxe (weapon)
 k - a +0 hand axe of flaming
 p - a +0 war axe
Missiles
 y - a throwing net (quivered) {=f}
Armour
 h - a +0 pair of boots (worn)
 w - +2 steam dragon scales
 x - a scarf of shadows (worn)
 D - a +0 scale mail of cold resistance
 G - a +0 plate armour (worn)
Jewellery
 c - a ring of ice
 m - a ring of magical power
 B - the amulet "Fistreir" (around neck) {Faith +Inv rPois Dex+4}
   (You found it in a Gauntlet)

   [amulet of faith]

   It allows you to gain divine favour quickly.
   Dex:       It affects your dexterity (+4).
   rPois:     It protects you from poison.
   +Inv:      It lets you turn invisible.
 C - a ring of protection from cold
 M - a ring of magical power
 P - a ring of poison resistance (left hand)
 R - a ring of resist corrosion
 W - a ring of willpower (right hand)
Wands
 d - a wand of polymorph (10)
 g - a wand of digging (8)
 n - a wand of flame (78)
 q - a wand of mindburst (9)
 t - a wand of iceblast (12)
Scrolls
 j - 2 scrolls of magic mapping
 o - 3 scrolls of enchant weapon
 v - a scroll of amnesia
Potions
 b - 2 potions of degeneration
 e - 3 potions of heal wounds {@q2}
 f - a potion of brilliance {unknown}
 i - 3 potions of flight
 r - a potion of ambrosia {unknown}
 s - a potion of curing {@q1}
 u - 4 potions of mutation
 z - 2 potions of attraction
 A - 2 potions of lignification
 E - a potion of invisibility
Miscellaneous
 l - a phantom mirror

Dungeon Overview and Level Annotations

Branches:
Dungeon (11/15)            Temple (0/1) D:4            Lair (1/6) D:10
    Orc (2/2) D:9         Gauntlet (visited)
    Elf: Orc:2

Altars:
Ashenzari
Cheibriados
Dithmenos
Hepliaklqana
Nemelex Xobeh
Sif Muna
Trog
Xom
Beogh

Shops:
D:4 [   D:6 !

Annotations:
D:2 1 runed translucent door, Crazy Yiuf
D:6 1 runed translucent door, MasterNub's ghost, novice MiBe
D:10 3 runed translucent doors, shadowrider38's ghost, journeyman KoBe
Orc:2 Donald

...#....).........#
.......###..o....##
##.....######...##
#......#.##...###
................#
............o..##
...##...........#
..##........##.##
.# ##@##....####
#@##........#
###o..........##
#.#o..#...#...<#
#....###.#.....#
##....#.#......#
##..............
#...o.)....###.
####).).)..# ##


You could see Donald (fast, strong), an orc warrior and an orc wizard.


Message History

A magic dart appears from out of your range of vision.
The magic dart hits the orc warrior.
The orc wizard points at you and mumbles some strange words.
Your orc appears confused.
Donald winces.
Donald hits you with a +0 war axe of electrocution!
Donald says, "My feet hurt."
You feel very buoyant.
You fly up into the air.
Donald hits you with a +0 war axe of electrocution!
Donald hits you with a +0 war axe of electrocution!!
* * * LOW HITPOINT WARNING * * *
Okay, then.
Really quaff
F - a potion of berserk rage {!q}?
A red film seems to cover your vision as you go berserk!
You feel yourself moving faster!
You feel mighty!
Donald hits you with a +0 war axe of electrocution!
* * * LOW HITPOINT WARNING * * *
Donald blocks your attack.
Donald is lightly wounded.
Donald hits you with a +0 war axe of electrocution!!
* * * LOW HITPOINT WARNING * * *
You are electrocuted!!
* * * LOW HITPOINT WARNING * * *
Donald blocks your attack.
Donald is lightly wounded.
The orc warrior hits you from afar with a +0 glaive.
* * * LOW HITPOINT WARNING * * *
Donald hits you with a +0 war axe of electrocution!!
You die...

Skill      XL: |  1  2  3  4  5  6  7  8  9 10 11 12 |
---------------+-------------------------------------+-----
Axes           | 3 4 6 8 9 10 12 13 15 17 18 | 18.7
Armour         | 5 8 9 10 | 10.2
Fighting       | 7 10 | 10.8
Invocations    | 5 8 |  8.8
Shields        | |  3.2

Action                   |  1- 3 |  4- 6 |  7- 9 | 10-12 || total
-------------------------+-------+-------+-------+-------++-------
Melee: War axe           |   112 |   133 |       |       ||   245
       Battleaxe         |       |       |   127 |   610 ||   737
Invok: Convert to Beogh  |       |       |       |     1 ||     1
Evoke: Wand              |       |       |     9 |    29 ||    38
  Use: Scroll            |       |     5 |       |    20 ||    25
       Potion            |       |     2 |       |    15 ||    17
 Stab: Paralysed         |       |       |     2 |    13 ||    15
       Distracted        |       |       |       |     2 ||     2
Armor: Scale mail        |    60 |    44 |    84 |   142 ||   330
       Steam dragon scal |       |       |       |    65 ||    65
Dodge: Dodged            |    35 |    33 |    63 |   268 ||   399
Block: Kite shield       |    57 |    76 |       |       ||   133

Levels and vault maps discovered:
D:1:      scummos_arrival_simple_crosswalls, layout_basic, serial_shops,
          nicolae_shop_competitors_out_of_business, minmay_misc_feat_x
D:2:      layout_basic, chequers_serial_rivers_marsh, uniq_sigmund,
          uniq_jessica, uniq_crazy_yiuf_cottage
D:3:      minmay_door_path, layout_basic, st_stairs_4, minmay_misc_feat_columns
D:4:      layout_cave_pools, marbit_many_paths, minmay_temple_entry_wispy,
          serial_shops, shop
D:5:      layout_basic, lemuel_flamethrower_2
D:6:      layout_basic, mainiacjoe_overflow_brackets, ebering_ghost_inner_flame,
          serial_shops, shop_fountains, minmay_manual_monstrance, uniq_duvessa
D:7:      layout_loops_corners, minmay_manual_moon
D:8:      layout_rooms, grunt_dithmenos_smoke, kennysheep_generic_room_12,
          uniq_maurice
D:9:      layout_basic, kennysheep_mini_moat, lemuel_coloured_pillars_altar,
          lemuel_tele_altar, orc_0_dummy, serial_shops,
          nicolae_shop_window_shopping, kennysheep_small_square, uniq_maggie,
          uniq_joseph
D:10:     layout_cave_pools, nicolae_hepliaklqana_monster_ancestors,
          xom_confusion_cloud, grunt_lair_entry_orc_guard_hut,
          gammafunk_ghost_necromancy, uniq_fannar
D:11:     layout_basic, gauntlet_entry_generic, uniq_psyche, uniq_josephine,
          uniq_grum
Lair:1:   layout_layer_cave, ebering_ghost_xom, grunt_megastairs_5, uniq_harold
Orc:1:    layout_caves, basic_altar
Orc:2:    pf_orc_diabolical, layout_diamond_mine, uniq_donald

Notes
Turn   | Place    | Note
-------+----------+-------------------------------------------
     0 | D:1      | demibob the Hill Orc Fighter began the quest for the Orb.
     0 | D:1      | Reached XP level 1. HP: 19/19 MP: 1/1
   119 | D:1      | Reached skill level 3 in Axes
   484 | D:1      | Reached XP level 2. HP: 26/26 MP: 2/2
   553 | D:1      | Reached skill level 4 in Axes
   788 | D:1      | Reached XP level 3. HP: 30/31 MP: 3/3
  1019 | D:2      | Reached skill level 5 in Axes
  1169 | D:2      | Noticed Jessica
  1204 | D:2      | Killed Jessica
  1205 | D:2      | Reached skill level 6 in Axes
  1205 | D:2      | Reached XP level 4. HP: 28/39 MP: 4/4
  1369 | D:2      | Noticed Sigmund
  1374 | D:2      | Killed Sigmund
  1375 | D:2      | Reached skill level 8 in Axes
  1375 | D:2      | Reached XP level 5. HP: 28/45 MP: 5/5
  1375 | D:2      | Reached XP level 6. HP: 31/51 MP: 6/6
  1585 | D:2      | Found a runed translucent door.
  1586 | D:2      | Noticed Crazy Yiuf
  2815 | D:3      | Reached skill level 9 in Axes
  3422 | D:4      | Found Gib Joujiog's Armour Emporium.
  3449 | D:4      | Found a staircase to the Ecumenical Temple.
  3623 | D:4      | Reached XP level 7. HP: 57/57 MP: 7/7
  3757 | D:4      | Found a sparkling altar of Nemelex Xobeh.
  4160 | D:5      | Entered Level 5 of the Dungeon
  4202 | D:5      | Reached skill level 10 in Axes
  4202 | D:5      | Reached skill level 4 in Armour
  4570 | D:5      | Noticed a two-headed ogre
  4596 | D:5      | Reached skill level 5 in Armour
  4598 | D:5      | Reached XP level 8. HP: 59/64 MP: 8/8
  4598 | D:5      | Killed a two-headed ogre
  4599 | D:5      | Reached skill level 11 in Axes
  4599 | D:5      | Reached skill level 6 in Armour
  4660 | D:5      | Reached skill level 7 in Armour
  4896 | D:6      | Noticed a two-headed ogre
  4901 | D:6      | Killed a two-headed ogre
  4902 | D:6      | Reached skill level 12 in Axes
  4902 | D:6      | Reached skill level 8 in Armour
  4902 | D:6      | Reached XP level 9. HP: 70/70 MP: 9/9
  4968 | D:6      | Found a snail-covered altar of Cheibriados.
  5044 | D:6      | Noticed Duvessa
  5051 | D:6      | Noticed Dowan
  5054 | D:6      | Killed Duvessa
  5054 | D:6      | Killed Dowan
  5055 | D:6      | Reached skill level 13 in Axes
  5319 | D:6      | Reached skill level 9 in Armour
  5702 | D:6      | Found a runed translucent door.
  5706 | D:6      | Noticed MasterNub's ghost (novice MiBe)
  5771 | D:6      | Found Xuvvuf's Distillery.
  5777 | D:6      | Bought a potion of heal wounds for 65 gold pieces
  5777 | D:6      | Bought a potion of heal wounds for 65 gold pieces
  6003 | D:7      | Reached XP level 10. HP: 58/77 MP: 10/10
  6296 | D:7      | Reached skill level 14 in Axes
  6553 | D:7      | Reached skill level 10 in Armour
  7170 | D:7      | Reached skill level 4 in Fighting
  7670 | D:7      | Identified a potion of resistance
  7923 | D:8      | Found a shadowy altar of Dithmenos.
  7925 | D:8      | Became a worshipper of Beogh the Brigand
  8044 | D:8      | Reached skill level 5 in Fighting
  8309 | D:8      | Noticed Maurice
  8319 | D:8      | Killed Maurice
  8375 | D:8      | Reached skill level 6 in Fighting
  8606 | D:8      | Identified the ring "Mexiv" {rCorr MP+9 Dex+6 Slay-4}
  8658 | D:8      | Reached skill level 15 in Axes
  8831 | D:9      | Found a staircase to the Orcish Mines.
  8838 | D:9      | Noticed Joseph
  8851 | D:9      | Killed Joseph
  8852 | D:9      | Noticed Maggie
  8859 | D:9      | Killed Maggie
  8877 | D:9      | Reached * piety under Beogh
  8878 | D:9      | Reached skill level 7 in Fighting
  9522 | D:9      | Reached XP level 11. HP: 47/93 MP: 11/11
  9818 | D:9      | Reached skill level 8 in Fighting
 10367 | D:9      | Reached ** piety under Beogh
 10379 | D:9      | Noticed a boulder beetle
 10392 | D:9      | Killed a boulder beetle
 10393 | D:9      | Reached skill level 16 in Axes
 10401 | D:9      | Reached skill level 9 in Fighting
 10988 | D:9      | Found Gathre Pibe's Magic Scroll Boutique.
 11013 | D:9      | Found a broken altar of Ashenzari.
 11142 | D:9      | Found a shimmering blue altar of Sif Muna.
 11214 | D:9      | Found a bloodstained altar of Trog.
 11378 | Orc:1    | Entered Level 1 of the Orcish Mines
 11555 | D:10     | Entered Level 10 of the Dungeon
 11601 | D:10     | Found a shimmering altar of Xom.
 11907 | D:10     | Noticed a two-headed ogre
 11914 | D:10     | Killed a two-headed ogre
 11915 | D:10     | Reached skill level 10 in Fighting
 11952 | D:10     | Found a runed translucent gate.
 11953 | D:10     | Found a runed translucent gate.
 11954 | D:10     | Found a runed translucent gate.
 11960 | D:10     | Noticed shadowrider38's ghost (journeyman KoBe)
 12018 | D:10     | Noticed Fannar
 12026 | D:10     | Killed Fannar
 12027 | D:10     | Reached skill level 2 in Invocations
 12158 | D:10     | Reached skill level 17 in Axes
 12158 | D:10     | Reached skill level 3 in Invocations
 12391 | D:10     | Reached skill level 4 in Invocations
 12499 | D:10     | Found a staircase to the Lair.
 12620 | D:10     | Found a hazy altar of Hepliaklqana.
 12790 | D:11     | Found a gate leading to a gauntlet.
 12834 | D:11     | Reached skill level 5 in Invocations
 12841 | Gauntlet | Entered a Gauntlet
 12841 | Gauntlet | Found a transporter.
 13048 | Gauntlet | Noticed a fire crab
 13059 | Gauntlet | Found a transporter.
 13067 | Gauntlet | Found a transporter.
 13069 | Gauntlet | Noticed a necromancer
 13072 | Gauntlet | Found a transporter.
 13074 | Gauntlet | Noticed a hell beast
 13084 | Gauntlet | Noticed a death yak
 13085 | Gauntlet | Noticed a death yak
 13086 | Gauntlet | Noticed a death yak
 13086 | Gauntlet | Noticed a death yak
 13087 | Gauntlet | Noticed a death yak
 13098 | Gauntlet | Found a transporter.
 13107 | Gauntlet | Found a transporter.
 13122 | Gauntlet | Found a transporter.
 13125 | Gauntlet | Noticed a wizard
 13128 | Gauntlet | Found a transporter.
 13134 | Gauntlet | Noticed a wizard
 13145 | Gauntlet | Found a transporter.
 13151 | Gauntlet | Found a transporter.
 13152 | Gauntlet | Noticed a moth of wrath
 13157 | Gauntlet | Found the amulet of the Four Winds {rN+ Will+++ Clar}
 13164 | Gauntlet | Found a large runed translucent door.
 13165 | Gauntlet | Found a large runed translucent door.
 13165 | Gauntlet | Noticed a reaper
 13166 | Gauntlet | Found a large runed translucent door.
 13167 | Gauntlet | Found a runed translucent gate.
 13168 | Gauntlet | Found a transporter.
 13168 | Gauntlet | Found a runed translucent gate.
 13169 | Gauntlet | Found a large runed translucent door.
 13170 | Gauntlet | Found a large runed translucent door.
 13170 | Gauntlet | Found a large runed translucent door.
 13170 | Gauntlet | Found a runed translucent door.
 13171 | Gauntlet | Found a large runed translucent door.
 13172 | Gauntlet | Found a large runed translucent door.
 13174 | Gauntlet | Found a transporter.
 13180 | Gauntlet | Found a runed translucent gate.
 13181 | Gauntlet | Found a large runed translucent door.
 13182 | Gauntlet | Found a large runed translucent door.
 13183 | Gauntlet | Found a large runed translucent door.
 13191 | Gauntlet | Found a transporter.
 13192 | Gauntlet | Found a large runed translucent door.
 13192 | Gauntlet | Noticed a hell beast
 13193 | Gauntlet | Found a large runed translucent door.
 13193 | Gauntlet | Found a large runed translucent door.
 13193 | Gauntlet | Found a runed translucent door.
 13194 | Gauntlet | Found a large runed translucent door.
 13195 | Gauntlet | Found a large runed translucent door.
 13197 | Gauntlet | Found a transporter.
 13239 | Gauntlet | Found a transporter.
 13264 | Gauntlet | Noticed an oklob plant
 13266 | Gauntlet | Found a transporter.
 13308 | Gauntlet | Found a transporter.
 13542 | Gauntlet | Reached XP level 12. HP: 106/106 MP: 15/15
 13560 | Gauntlet | Found a transporter.
 13727 | Gauntlet | Identified the amulet "Fistreir" {Faith +Inv rPois Dex+4}
 14137 | Gauntlet | Noticed a minotaur
 14146 | Gauntlet | HP: 9/106 [minotaur (11)]
 14148 | Gauntlet | >>probably die
 14149 | Gauntlet | Killed a minotaur
 14150 | Gauntlet | Reached skill level 6 in Invocations
 14504 | D:11     | Noticed Josephine
 14513 | D:11     | Killed Josephine
 14514 | D:11     | Reached skill level 7 in Invocations
 14535 | D:11     | Reached skill level 18 in Axes
 14552 | D:11     | Reached *** piety under Beogh
 14633 | D:11     | Noticed Grum
 14639 | D:11     | Killed Grum
 14737 | D:11     | Reached skill level 8 in Invocations
 15538 | D:11     | Noticed Psyche
 15543 | D:11     | Killed Psyche
 15798 | Lair:1   | Entered Level 1 of the Lair of Beasts
 16481 | Orc:1    | Noticed an ettin
 16491 | Orc:1    | Killed an ettin
 16507 | Orc:1    | Gained Morun as an ally
 16777 | Orc:1    | Found a roughly hewn altar of Beogh.
 16880 | Orc:1    | Noticed a two-headed ogre
 16890 | Orc:1    | Killed a two-headed ogre
 17303 | D:9      | Bought a scroll of acquirement for 624 gold pieces
 17303 | D:9      | Bought a scroll of identify for 24 gold pieces
 17303 | D:9      | Bought a scroll of identify for 24 gold pieces
 17303 | D:9      | Bought a scroll of identify for 24 gold pieces
 17303 | D:9      | Bought a scroll of identify for 24 gold pieces
 17307 | D:9      | Acquired a manual of Armour
 17397 | Orc:2    | Entered Level 2 of the Orcish Mines
 17458 | Orc:2    | Noticed Donald
 17464 | Orc:2    | Your ally Morun died
 17478 | Orc:2    | Mangled by Donald

Vanquished Creatures
  A minotaur (Gauntlet)
  Josephine (D:11)
  A boulder beetle (D:9)
  Fannar (D:10)
  3 two-headed ogres
  An oklob plant (Gauntlet)
  A cyclops (D:11)
  A deep elf pyromancer (D:11)
  Maurice (D:8)
  Joseph (D:9)
  Maggie (D:9)
  A komodo dragon (D:10)
  Psyche (D:11)
  3 trolls
  A hornet (D:9)
  A flying skull (Gauntlet)
  Sigmund (D:2)
  5 wraiths
  19 yaks
  A vampire (D:11)
  Grum (D:11)
  3 wyverns
  3 steam dragons
  3 acid dragons
  Duvessa (D:6)
  4 water moccasins
  2 ice beasts
  A sky beast (D:5)
  3 black bears (D:10)
  6 orc warriors
  4 wolves (D:11)
  5 ogres
  A centaur (D:8)
  A phantom (D:7)
  2 kobold brigands
  3 bullfrogs
  Dowan (D:6)
  A gnoll sergeant (D:8)
  4 scorpions
  3 water moccasin zombies (D:6)
  A killer bee (D:8)
  2 jellies
  3 howler monkeys (D:8)
  6 centaur zombies
  3 hounds
  6 orc priests
  3 gnoll shamans
  Jessica (D:2)
  3 iguanas
  8 orc wizards
  2 killer bee zombies
  A hound zombie (D:5)
  2 howler monkey zombies
  26 gnolls
  8 adders
  A howler monkey skeleton (D:7)
  2 shadow imps
  3 white imps
  An ufetubus (D:6)
  An adder skeleton (D:4)
  3 worms
  2 dart slugs
  21 orcs
  11 ball pythons
  6 endoplasms
  3 giant cockroaches
  10 goblins
  3 hobgoblins
  3 jackals
  4 quokkas
  5 bats
  4 frilled lizards
  14 kobolds
  6 rats
  A spectral goblin (D:10)
277 creatures vanquished.

Vanquished Creatures (collateral kills)
  An ettin (Orc:1)
  A two-headed ogre (Orc:1)
  An orc knight (Orc:1)
  A hornet zombie (D:9)
  2 orc priests (Orc:1)
  An orc wizard (Orc:1)
  4 orcs
11 creatures vanquished.

Vanquished Creatures (others)
  A troll (D:10)
  A steam dragon (D:8)
  6 orc warriors
  A centaur (D:10)
  An orc priest (D:8)
  An iguana (D:5)
  An orc wizard (Orc:2)
  A killer bee zombie (D:8)
  11 orcs
  19 fungi
  26 plants
69 creatures vanquished.

Grand Total: 357 creatures vanquished

Table legend: (Time is in decaauts)
 A = Elapsed time spent in this place.
 B = Non-inter-level travel time spent in this place.
 C = Inter-level travel time spent in this place.
 D = Time resting spent in this place.
 E = Time spent auto-exploring this place.
 F = Levels seen in this place.
 G = Mean time per level.
                   A        B        C        D        E       F      G
               +--------+--------+--------+--------+--------+-----+--------+
         Total |  17501 |  17001 |    500 |   5632 |   8686 |  15 | 1166.7 |
       Dungeon |  14458 |  13981 |    477 |   4477 |   7441 |  11 | 1314.4 |
          Lair |      8 |      8 |      0 |      0 |      0 |   1 |    8.0 |
  Orcish Mines |   1432 |   1410 |     22 |    397 |    847 |   2 |  716.0 |
      Gauntlet |   1603 |   1603 |      0 |    757 |    398 |   1 | 1603.0 |
               +--------+--------+--------+--------+--------+-----+--------+

Top non-repeatable levels by time:
     D:9: 2896 daAuts
     D:7: 1932 daAuts
Gauntlet: 1603 daAuts
   Orc:1: 1352 daAuts
    D:10: 1335 daAuts
    D:11: 1330 daAuts
     D:3: 1245 daAuts
     D:2: 1210 daAuts
     D:6: 1124 daAuts
     D:1: 1050 daAuts
     D:8: 852 daAuts
     D:4: 762 daAuts
     D:5: 719 daAuts
   Orc:2: 79 daAuts
  Lair:1: 8 daAuts

Table legend:
 A = Non-vault XP
 B = Vault XP
 C = Vault XP percentage of total XP
 D = Non-vault monster count
 E = Vault monster count
 F = Vault count percentage of total count
                 A         B        C        D         E       F
            +---------+---------+-------+---------+---------+-------
      Total |   16159 |   13207 |  45.0 |     232 |      55 |  19.2
            +---------+---------+-------+---------+---------+-------
        D:1 |      38 |       0 |   0.0 |      22 |       0 |   0.0
        D:2 |      74 |     261 |  77.9 |      20 |       3 |  13.0
        D:3 |     183 |       7 |   3.7 |      24 |       3 |  11.1
        D:4 |     124 |      45 |  26.6 |      15 |       1 |   6.2
        D:5 |    1467 |       0 |   0.0 |      12 |       0 |   0.0
        D:6 |    1796 |     556 |  23.6 |      14 |       6 |  30.0
        D:7 |    1101 |     382 |  25.8 |      24 |       5 |  17.2
        D:8 |     959 |     532 |  35.7 |      26 |       2 |   7.1
        D:9 |    3207 |    2302 |  41.8 |      33 |       5 |  13.2
       D:10 |    1241 |    3732 |  75.0 |       6 |      13 |  68.4
       D:11 |    2793 |    2980 |  51.6 |      12 |      11 |  47.8
      Orc:1 |    3058 |       0 |   0.0 |      22 |       0 |   0.0
      Orc:2 |     118 |       0 |   0.0 |       2 |       0 |   0.0
   Gauntlet |       0 |    2410 | 100.0 |       0 |       6 | 100.0
            +---------+---------+-------+---------+---------+-------
